Map: Orbital Shipyard

Players

Hymy

  • Race: Protoss Protoss
  • League: Master

Miszu - Winner!

  • Race: Terran Terran
  • League: Master

VOD

Have the link to the VOD?

Description

Time

  • Played on: March 22, 2016, 3:16 p.m.
  • Length: 11:40
Show
View Real Time Build Order
Export as new Build Order

Hymy Protoss 

Build Orders: 1 Gate Expand, Blink Stalkers 

Get SALT Encoding   

  12  0:01  Probe (Chrono Boost)  
  13  0:12  Probe (Chrono Boost)  
  14  0:19  Pylon  
  14  0:23  Probe (Chrono Boost)  
  15  0:38  Gateway, Probe (Chrono Boost)  
  16  0:48  Probe (Chrono Boost)  
  17  0:50  Assimilator  
  17  0:59  Probe (Chrono Boost)  
  18  1:09  Probe (Chrono Boost)  
  19  1:24  Nexus  
  19  1:30  Probe (Chrono Boost)  
  20  1:37  Cybernetics Core  
  20  1:41  Probe (Chrono Boost)  
  20  1:46  Assimilator  
  21  1:55  Probe (Chrono Boost)  
  22  2:03  Pylon  
  22  2:12  Probe (Chrono Boost)  
  22  2:15  Warp Gate  
  23  2:21  Adept (Chrono Boost)  
  25  2:28  Mothership Core (Chrono Boost)  
  27  2:36  Probe (Chrono Boost)  
  28  2:47  Probe (Chrono Boost)  
  28  2:48  Probe (Chrono Boost)  
  28  2:50  Robotics Facility  
  30  2:57  Stalker  
  30  2:58  Probe (Chrono Boost)  
  33  2:59  Probe (Chrono Boost)  
  34  3:08  Probe (Chrono Boost)  
  34  3:09  Probe (Chrono Boost)  
  36  3:15  Twilight Council  
  36  3:19  Probe (Chrono Boost)  
  38  3:20  Probe (Chrono Boost)  
  38  3:22  Gateway  
  38  3:28  Gateway  
  38  3:31  Probe (Chrono Boost)  
  38  3:34  Probe (Chrono Boost)  
  40  3:38  Observer  
  41  3:42  Probe (Chrono Boost)  
  41  3:43  Pylon  
  41  3:44  Probe (Chrono Boost)  
  43  3:52  Probe (Chrono Boost)  
  43  3:54  Probe (Chrono Boost)  
  45  3:56  Assimilator  
  45  3:58  Blink (Chrono Boost)  
  45  4:02  Probe (Chrono Boost)  
  45  4:03  Probe  
  47  4:11  Assimilator  
  47  4:15  Pylon, Probe  
  47  4:16  Probe  
  48  4:19  Observer  
  50  4:26  Probe  
  50  4:27  Probe  
  50  4:30  Nexus  
  52  4:36  Stalker  
  52  4:37  Sentry, Probe  
  56  4:39  Probe  
  56  4:44  Pylon  
  56  4:45  Observer  
  59  4:47  Probe  
  59  4:50  Stalker  
  62  4:57  Pylon  
  62  5:00  Probe  
  62  5:01  Pylon  
  62  5:02  Probe  
  64  5:11  Robotics Bay, Probe  
  66  5:14  Probe  
  66  5:15  Stalker  
  68  5:22  Probe  
  68  5:23  Immortal (Chrono Boost)  
  68  5:26  Probe  
  74  5:33  Stalker  
  74  5:34  Probe  
  74  5:35  Adept  
  79  5:38  Probe  
  79  5:42  Pylon  
  80  5:44  Probe  
  80  5:47  Stalker, Probe  
  84  5:50  Probe  
  84  5:54  Probe  
  86  5:58  Pylon  
  86  6:06  Colossus (Chrono Boost)  
  86  6:08  Stalker x2  
  96  6:22  Assimilator, Probe  
  97  6:26  Gateway  
  97  6:27  Gateway, Assimilator  
  97  6:28  Adept, Pylon  
  99  6:33  Stalker x2  
  99  6:36  Pylon  
  101  6:48  Resonating Glaives, Probe  
  101  6:49  Probe  
  101  6:52  Extended Thermal Lance (Chrono Boost)  
  103  6:58  Probe  
  103  7:00  Probe  
  103  7:01  Probe  
  106  7:04  Forge x2  
  106  7:06  Pylon  
  106  7:08  Gateway, Probe  
  106  7:11  Gateway  
  106  7:12  Sentry, Probe  
  106  7:13  Probe  
  106  7:14  Pylon  
  111  7:16  Pylon  
  111  7:19  Probe  
  112  7:24  Probe  
  112  7:25  Probe  
  112  7:27  Colossus (Chrono Boost), Pylon, Stalker x3  
  126  7:43  Protoss Ground Weapons Level 1 (Chrono Boost), Protoss Ground Armor Level 1 (Chrono Boost)  
  126  7:49  Nexus  
  126  7:52  Pylon  
  126  7:59  Adept x2  
  126  8:00  Adept  
  126  8:02  Stalker x2  
  136  8:16  Colossus, Pylon  
  136  8:18  Pylon  
  136  8:19  Stalker x2  
  140  8:20  Stalker  
  140  8:26  Sentry  
  150  8:33  Robotics Facility  
  149  8:38  Photon Cannon  
  149  8:44  Pylon  
  149  8:47  Adept x4  
  157  9:04  Stalker  
  157  9:05  Stalker  
  161  9:10  Adept x4  
  161  9:11  Adept  
  161  9:13  Observer  
  161  9:17  Templar Archives  
  170  9:27  Pylon  
  170  9:28  Assimilator  
  170  9:29  Colossus  
  176  9:32  Stalker x4  
  153  9:53  Stalker  
  153  9:54  Stalker x2  
  153  9:58  Adept x4  
  153  9:59  Colossus  
  169  10:12  Gateway  
  165  10:15  Gateway  
  147  10:27  Adept x2  
  147  10:28  Adept x4  
  108  10:37  Stalker x3  
  108  10:38  Stalker x3  
  126  10:46  Adept  
  128  10:53  Immortal  
  128  11:00  Stalker x2  
  128  11:01  Stalker  
  108  11:28  Adept  
  108  11:29  Adept x5  
Show
View Real Time Build Order
Export as new Build Order

Miszu Terran - Winner!

Build Orders: Command Center First (CC), MMM Bio 

Get SALT Encoding   

  12  0:00  SCV  
  13  0:12  SCV  
  14  0:17  Supply Depot  
  14  0:24  SCV  
  15  0:39  SCV  
  16  0:51  SCV  
  17  1:00  Command Center  
  17  1:03  SCV  
  18  1:15  SCV  
  18  1:17  Barracks  
  19  1:28  SCV  
  20  1:33  Barracks  
  20  1:40  SCV  
  21  1:53  Barracks  
  21  1:54  SCV  
  22  2:04  Marine  
  22  2:06  Orbital Command  
  22  2:16  Orbital Command  
  22  2:22  Marine  
  23  2:23  Marine  
  24  2:32  SCV  
  24  2:34  Refinery  
  24  2:35  Refinery  
  25  2:39  Marine  
  25  2:40  Marine  
  25  2:42  Marine  
  28  2:44  SCV  
  28  2:47  SCV  
  30  2:52  Supply Depot  
  30  2:56  SCV  
  31  2:58  Marine  
  31  3:00  SCV  
  31  3:01  Marine x2  
  35  3:09  SCV  
  35  3:12  SCV  
  37  3:15  Supply Depot  
  37  3:16  Marine  
  37  3:18  Marine  
  37  3:19  Barracks Tech Lab  
  39  3:21  SCV  
  39  3:24  SCV  
  41  3:33  SCV  
  41  3:34  Marine  
  42  3:36  SCV  
  42  3:38  Marine  
  42  3:40  Stimpack  
  45  3:44  Factory  
  45  3:45  Marine, SCV  
  45  3:48  SCV  
  48  3:57  SCV  
  48  3:58  Refinery  
  48  4:00  SCV  
  50  4:03  Engineering Bay  
  50  4:07  Barracks Reactor, Barracks Tech Lab  
  50  4:09  SCV  
  52  4:12  SCV  
  53  4:21  SCV  
  54  4:26  Supply Depot, SCV  
  54  4:28  Terran Infantry Weapons Level 1  
  54  4:29  Supply Depot  
  54  4:34  Starport  
  54  4:36  Factory Reactor  
  54  4:47  Missile Turret  
  54  4:48  Supply Depot, Marine x4, SCV x2  
  54  4:49  Missile Turret  
  60  5:00  SCV x2  
  60  5:05  Marine x2  
  60  5:06  Combat Shields  
  64  5:12  Command Center, SCV x2  
  66  5:21  Medivac  
  66  5:22  Marine x2, Medivac  
  66  5:24  SCV x2  
  66  5:25  Supply Depot  
  66  5:28  Supply Depot  
  74  5:31  Marauder  
  74  5:32  Refinery, Marine  
  77  5:37  SCV  
  78  5:46  SCV  
  78  5:47  Marauder  
  78  5:48  Supply Depot  
  81  5:50  Supply Depot  
  81  5:51  Medivac x2  
  85  5:57  SCV  
  85  5:58  SCV  
  87  6:09  SCV  
  87  6:10  SCV  
  89  6:13  Marauder, Marine, Barracks x2  
  89  6:14  Marine  
  89  6:16  Reaper  
  94  6:19  Liberator  
  94  6:21  Supply Depot, Liberator, SCV  
  94  6:22  Supply Depot  
  94  6:23  SCV  
  96  6:34  Terran Infantry Armor Level 1, SCV  
  96  6:35  SCV  
  104  6:46  SCV  
  98  6:47  SCV  
  98  6:48  Marine x2, Marauder  
  98  6:49  Marauder  
  98  6:51  Orbital Command  
  102  6:58  SCV  
  102  7:01  Barracks Reactor, Barracks Tech Lab  
  103  7:05  Fusion Core  
  103  7:06  SCV  
  104  7:09  Refinery  
  104  7:10  Refinery, SCV  
  104  7:12  Liberator  
  104  7:13  Starport  
  105  7:18  Marauder, SCV  
  105  7:19  Marine  
  112  7:31  Marauder, Liberator  
  112  7:32  SCV x3  
  117  7:39  Supply Depot  
  117  7:40  Supply Depot  
  117  7:41  Marine, Marauder  
  117  7:42  Marine x3, Marauder  
  125  7:44  SCV x2  
  125  7:45  SCV  
  125  7:49  Starport Tech Lab  
  130  7:52  Marine  
  130  7:53  Liberator  
  130  7:56  SCV  
  131  7:59  Marine  
  131  8:00  Marine x3  
  131  8:01  Supply Depot  
  131  8:02  Supply Depot, Marine  
  131  8:03  Marauder  
  131  8:04  Supply Depot  
  138  8:09  Advanced Ballistics  
  138  8:10  Marauder  
  138  8:11  Liberator  
  143  8:17  Marine x2, Liberator  
  143  8:18  Marine x2  
  147  8:20  Marauder  
  147  8:25  Marauder  
  151  8:31  Marine  
  151  8:32  Supply Depot  
  151  8:33  Supply Depot  
  155  8:35  Marine x4  
  155  8:36  Liberator  
  162  8:41  Marauder  
  162  8:46  Marauder  
  162  8:47  Barracks  
  166  8:49  Barracks  
  166  8:50  Command Center, Barracks  
  166  8:53  Liberator  
  166  8:55  Supply Depot, Marine  
  169  8:56  Supply Depot, Marauder  
  172  9:07  Engineering Bay  
  172  9:08  Marine, Armory  
  172  9:09  Marauder x2  
  177  9:10  Liberator  
  180  9:19  Liberator  
  182  9:35  Marauder  
  182  9:37  Liberator  
  187  9:51  SCV  
  184  9:54  Marauder  
  184  9:55  Marine  
  186  10:04  Marine  
  186  10:05  Marine x4, Marauder  
  192  10:07  Marine  
  192  10:08  Marauder  
  192  10:12  Planetary Fortress, Missile Turret  
  192  10:13  Marine  
  199  10:14  Marine  
  193  10:22  Marine  
  193  10:23  Marine x4  
  193  10:25  Marine  
  193  10:26  Marine  
  187  10:29  Marine  
  187  10:30  Marine  
  187  10:32  Marine  
  188  10:39  Medivac x2  
  188  10:40  Marine  
  188  10:41  Marine x4, Medivac  
  196  10:43  Marine  
  196  10:44  Marauder  
  196  10:47  Marine  
  193  11:20  SCV  
Tags
 
Add a new tag
Caveats
  • Supply blocks, unpowered buildings, or Contaminate may cause inaccurate times.
  • Supply counts are checked every 10 seconds.